 Dungeon Crawl Stone Soup version 0.32-a0-450-g080537f31e (webtiles) character file.

Game seed: 14939998404222359530

5332 Asceticacid the Slicer (level 10, -10/86 HPs)
             Began as a Minotaur Hexslinger on Feb 23, 2024.
             Was a Follower of Ru.
             Killed by an exploding manticore (40 damage)
             ... ignited by their inner flame
             ... on level 8 of the Dungeon on Feb 24, 2024.
             The game lasted 00:16:55 (8645 turns).

Asceticacid the Slicer (Minotaur Hexslinger)        Turns: 8645, Time: 00:16:55

Health: -10/86     AC:  7    Str: 16    XL:     10   Next: 38%
Magic:  10/10      EV: 15    Int: 10    God:    Ru [*.....]
Gold:   489        SH:  0    Dex: 20    Spells: 8/10 levels left

rFire   . . .        b - +9 dagger (speed)
rCold   . . .        (no shield)
rNeg    . . .        K - +0 steam dragon scales
rPois   .            (helmet restricted)
rElec   .            d - scarf {repulsion}
rCorr   .            p - +0 pair of gloves
SInv    .            (no boots)
Will    +....        (no amulet)
Stlth   ++           m - +6 ring of dexterity
HPRegen 0.34/turn    g - ring of willpower
MPRegen 0.12/turn

%: repel missiles
@: spiked
A: horns 2, unskilled 1, retaliatory headbutt
a: Renounce Religion


You were on level 8 of the Dungeon.
You worshipped Ru.
Ru was aware of your devotion.
You visited 1 branch of the dungeon, and saw 8 of its levels.

You collected 489 gold pieces.

Inventory:

Hand Weapons
 a - a +1 sling
 b - a +9 dagger of speed (weapon)
Missiles
 q - 10 poisoned darts
Armour
 d - a scarf of repulsion (worn)
 p - a +0 pair of gloves (worn)
 K - +0 steam dragon scales (worn)
Jewellery
 g - a ring of willpower (right hand)
 j - a ring of resist corrosion
 m - a +6 ring of dexterity (left hand)
 C - a ring of see invisible
 E - a +6 ring of intelligence
 H - a ring of flight
Wands
 h - a wand of flame (14)
 v - a wand of polymorph (21)
 x - a wand of digging (6)
Scrolls
 e - a scroll of immolation
 i - a scroll of enchant weapon
 l - 5 scrolls of vulnerability
 n - 4 scrolls of revelation {unknown}
 r - 3 scrolls of noise {unknown}
 s - a scroll of poison
 t - 2 scrolls of teleportation {unknown}
 y - 4 scrolls of identify
 A - 2 scrolls of blinking {unknown}
 F - a scroll of fog {unknown}
 G - a scroll of amnesia
 J - a scroll of silence {unknown}
Potions
 c - a potion of enlightenment {unknown}
 f - 2 potions of lignification
 k - 4 potions of heal wounds
 o - 2 potions of cancellation
 u - 2 potions of curing
 w - 3 potions of mutation {unknown}
 z - a potion of invisibility {unknown}
 B - a potion of ambrosia {unknown}
 D - a potion of experience {unknown}
 I - a potion of berserk rage {unknown}


   Skills:
 + Level 7.1 Fighting
 * Level 10.6 Short Blades
 - Level 5.0 Ranged Weapons
 + Level 6.2 Armour
 + Level 5.1 Dodging
 - Level 1.5 Stealth
 - Level 0.8 Spellcasting
 - Level 1.8 Hexes
 - Level 0.5 Fire Magic
 + Level 0.2 Evocations


You had 8 spell levels left.
You knew the following spells:

 Your Spells              Type           Power      Damage    Failure   Level
a - Jinxbite              Hex            8%         N/A       24%         2

Your spell library contained the following spells:

 Spells                   Type           Power      Damage    Failure   Level
 Sigil of Binding         Hex            4%         N/A       43%         3
 Inner Flame              Hex/Fire       2%         N/A       54%         3
 Fugue of the Fallen      Necr           0%         N/A       71%         3
 Gell's Gravitas          Tloc           0%         N/A       71%         3
 Ozocubu's Armour         Ice            0%         N/A       71%         3
 Teleport Other           Tloc           0%         N/A       71%         3
 Cause Fear               Hex            2%         N/A       85%         4
 Dimensional Bullseye     Hex/Tloc       1%         N/A       94%         4
 Manifold Assault         Tloc           0%         N/A       98%         4
 Metabolic Englaciation   Hex/Ice        1%         N/A       100%        5
 Dispersal                Tloc           0%         N/A       100%        6
 Sculpt Simulacrum        Ice/Alch       0%         N/A       100%        6


Dungeon Overview and Level Annotations

Branches:
Dungeon (8/15)             Temple (0/1) D:5
   Lair: D:8-11

Altars:
Ashenzari
Cheibriados
Okawaru
Ru
Uskayaw
Vehumet
Xom
The Shining One


Innate Abilities, Weirdness & Mutations

You have a pair of horns on your head.
You are somewhat unskilled. (-1 Apt)
You reflexively headbutt those who attack you in melee.


Message History

A cyclops is nearby!
A cyclops is nearby!
You see here 5 stones.
A manticore is nearby!
The manticore flicks its tail.
The volley of spikes skewers you but does no damage.
The manticore flicks its tail.
The volley of spikes skewers you!!
The barbed spikes become lodged in your body.
Okay, then.
Unknown command.
The manticore flicks its tail.
The volley of spikes skewers you!
The barbed spikes become lodged in your body.
Okay, then.
Unknown command.
Okay, then.
As you read the scroll labelled SOTAPN YTZOMU, it crumbles to dust.
The creatures around you are filled with an inner flame!
It was a scroll of immolation.
You hit the manticore.
Flame seeps out of the manticore.
The manticore is lightly wounded.
You completely miss the manticore.
The manticore is lightly wounded.
The manticore is engulfed in blazing flames.
Flame seeps out of the manticore.
The manticore bites you!! The manticore misses you. x2
You hit the manticore.
Flame seeps out of the manticore.
The manticore is heavily wounded.
You hit the manticore.
Flame seeps out of the manticore. x2
You headbutt the manticore.
The manticore is severely wounded.
You closely miss the manticore.
You headbutt the manticore, but do no damage.
The manticore is severely wounded.
The manticore is engulfed in blazing flames.
The manticore explodes!
The fiery explosion engulfs you!!!
You die...
Ru respects your ultimate sacrifice.

#...[#'#)#♣..♣ ♣♣.♣♣ ♣♣
#....'.#.#.≈~♣♣#♣.~.♣#♣.
#....###.#.≈~⌠♣#.~~~.#.♣
###### #.#.≈..♣#♣.~.♣#♣.
#.#..♣♣♣ ♣♣.♣♣ ♣♣
#.#♣...♣#♣.#.♣# ♣ .....
#.§♣.♣♣♣#.~~~.#♣♣
.....#########°§.....#.~~~.#..
.............@§§♣♣♣.♣#)~~~(#♣♣
...............#♣♣P÷♣#♣.#.♣#
#.............#♣P≈.♣ ♣♣.♣♣ ♣
#.............#..~.♣#♣.~.♣#♣.
#.............#.♣≈.♣#!~~~.#.♣
#.....).......#...P♣#♣.~.♣#♣
#####..........#♣♣.♣♣ ♣♣.♣♣
...............# ♣.# ###.###
#######'####.#.#♣♣.♣♣#.....#


There were no monsters in sight!

Vanquished Creatures
  An ugly thing (D:8)
  A manticore (D:8)
  A komodo dragon (D:8)
  2 steam dragons (D:8)
  Edmund (D:6)
  Menkaure (D:4)
  An acid dragon (D:5)
  Duvessa (D:4)
  An orc warrior (D:5)
  A sky beast (D:7)
  3 ice beasts
  A black bear (D:7)
  9 centaurs
  A phantom (D:7)
  A kobold brigand (D:8)
  4 bullfrogs
  A gnoll sergeant (D:7)
  2 scorpions (D:5)
  16 wights
  Dowan (D:4)
  7 killer bees (D:8)
  A howler monkey (D:7)
  4 orc priests
  2 bombardier beetles (D:6)
  A hound (D:6)
  5 jellies
  A gnoll bouda (D:6)
  A sleepcap (D:7)
  4 orc wizards
  6 iguanas
  7 gnolls
  8 adders
  3 shadow imps
  6 white imps
  3 dart slugs
  21 orcs
  7 ball pythons
  4 bats
  3 endoplasms
  3 giant cockroaches
  4 goblins
  5 hobgoblins
  7 jackals (D:2)
  3 quokkas (D:4)
  2 frilled lizards
  14 kobolds
  9 rats
191 creatures vanquished.

Notes
Turn   | Place    | Note
-------+----------+-------------------------------------------
     0 | D:1      | Asceticacid the Minotaur Hexslinger began the quest for the
                  | Orb.
     0 | D:1      | Reached XP level 1. HP: 16/16 MP: 1/1
   228 | D:1      | Reached XP level 2. HP: 23/23 MP: 2/2
   727 | D:2      | Reached XP level 3. HP: 29/29 MP: 3/3
  1064 | D:1      | Learned a level 2 spell: Jinxbite
  1132 | D:2      | Reached XP level 4. HP: 36/36 MP: 1/4
  1783 | D:3      | Found a radiant altar of Vehumet.
  1988 | D:3      | Reached skill level 5 in Ranged Weapons
  2001 | D:3      | Reached XP level 5. HP: 41/41 MP: 5/5
  2036 | D:3      | Found a sacrificial altar of Ru.
  2623 | D:4      | Noticed Dowan
  2638 | D:4      | Killed Dowan
  3033 | D:4      | Noticed Menkaure
  3116 | D:3      | Identified a scroll of acquirement
  3116 | D:3      | Acquired a scarf of repulsion
  3257 | D:4      | Reached skill level 1 in Short Blades
  3257 | D:4      | Reached skill level 1 in Stealth
  3446 | D:4      | Killed Menkaure
  3447 | D:4      | Reached skill level 2 in Short Blades
  3447 | D:4      | Reached XP level 6. HP: 28/51 MP: 6/6
  3701 | D:5      | Entered Level 5 of the Dungeon
  3722 | D:5      | Noticed an acid dragon
  3742 | D:5      | Reached skill level 3 in Short Blades
  3749 | D:5      | Reached skill level 1 in Armour
  3749 | D:5      | Reached XP level 7. HP: 35/58 MP: 7/7
  4157 | D:5      | Reached skill level 4 in Short Blades
  4193 | D:5      | Reached skill level 5 in Short Blades
  4348 | D:5      | Reached XP level 8. HP: 67/67 MP: 8/8
  4448 | D:5      | Found a staircase to the Ecumenical Temple.
  4488 | D:5      | Reached skill level 5 in Fighting
  4494 | D:5      | Reached skill level 6 in Short Blades
  4563 | D:4      | Noticed Duvessa
  4572 | D:4      | Killed Duvessa
  4668 | D:3      | Became a worshipper of Ru the Awakened
  4960 | D:5      | Found an iron altar of Okawaru.
  5354 | D:6      | Found a hide-covered altar of Uskayaw.
  5497 | D:6      | Noticed Edmund
  5513 | D:6      | Killed Edmund
  5514 | D:6      | Reached skill level 7 in Short Blades
  5579 | D:6      | Found a broken altar of Ashenzari.
  6027 | D:7      | Reached skill level 5 in Armour
  6377 | D:7      | Reached XP level 9. HP: 70/75 MP: 9/9
  6409 | D:7      | Gained mutation: You are somewhat unskilled. (-1 Apt) [Ru
                  | sacrifice]
  6409 | D:7      | Reduced skill Fighting to level 5
  6409 | D:7      | Reduced skill Hexes to level 1
  6409 | D:7      | Reached * piety under Ru
  6465 | D:7      | Reached skill level 5 in Armour
  6743 | D:7      | Reached skill level 8 in Short Blades
  6783 | D:7      | Found a shimmering altar of Xom.
  6898 | D:7      | Found a glowing golden altar of the Shining One.
  6966 | D:7      | Found a snail-covered altar of Cheibriados.
  7086 | D:7      | Identified the +0 robe "Kuigoir" {Int+3}
  7648 | D:8      | Reached skill level 9 in Short Blades
  7838 | D:8      | Noticed a red ugly thing
  7838 | D:8      | Noticed a manticore
  7866 | D:8      | Killed a red ugly thing
  7867 | D:8      | Reached XP level 10. HP: 60/84 MP: 10/10
  8055 | D:8      | Reached skill level 5 in Dodging
  8201 | D:8      | Reached skill level 10 in Short Blades
  8597 | D:8      | Noticed a cyclops
  8645 | D:8      | Killed a manticore
  8645 | D:8      | Killed by an exploding manticore... ignited by their inner
                  | flame

Illustrated notes

Levels and vault maps discovered:
D:1:      spicycebolla_arrival_clurvy, layout_loops_ring, st_stairs_14
D:2:      layout_loops_ring, st_stairs_13
D:3:      layout_loops_cross, old_standard_altar, nicolae_ru_path_of_blood,
          nrook_uturn
D:4:      layout_loops_ring, uniq_duvessa, uniq_menkaure
D:5:      layout_loops_ring, okawaru_altar_gauntlet_db,
          minmay_temple_entry_waves, minmay_joined_circles
D:6:      layout_basic, mainiacjoe_overflow_tiny_flanked,
          mainiacjoe_overflow_surrounded_room, uniq_edmund
D:7:      layout_cave_pools, nicolae_tso_carved_into_rock, xom_teletrap_fun,
          cheibriados_altar_1, nicolae_grassy_gnolls
D:8:      nzn_winding_woodlands_medium [nzn_winding_woodlands_5x5_default,
          nzn_winding_woodlands_5x15_sawtooth, nzn_winding_woodlands_5x5_three,
          nzn_winding_woodlands_5x5_cross,
          nzn_winding_woodlands_center_triple_pond,
          nzn_winding_woodlands_hourglass, nzn_winding_woodlands_5x5_perimeter,
          nzn_winding_woodlands_5x15_pathside_ponds,
          nzn_winding_woodlands_5x5_open_star], layout_basic

Skill      XL: |  1  2  3  4  5  6  7  8  9 10 |
---------------+-------------------------------+-----
Ranged Weapons | 3 4 5 |  5.0
Fighting       | 2 3 4 6 6 7 |  7.1
Short Blades   | 2 3 5 7 9 10 | 10.6
Stealth        | 1 |  1.5
Dodging        | 3 4 4 5 |  5.1
Armour         | 1 2 5 5 6 |  6.2
Spellcasting   | 0 |  0.8
Hexes          | 1 |  1.8
Fire Magic     | |  0.5
Evocations     | |  0.2

Action                     |  1- 3 |  4- 6 |  7- 9 | 10-12 || total
---------------------------+-------+-------+-------+-------++-------
  Melee: Dagger            |       |    46 |   335 |   103 ||   484
         Headbutt          |       |    14 |    87 |    27 ||   128
   Fire: Sling             |    86 |    98 |       |       ||   184
  Throw: Throwing net      |       |       |     1 |       ||     1
         Dart              |       |       |     1 |       ||     1
   Cast: Jinxbite          |     2 |     5 |       |       ||     7
 Invoke: Sacrifice Skill   |       |       |     1 |       ||     1
  Evoke: Wand              |       |       |     2 |       ||     2
    Use: Scroll            |       |     8 |     4 |     1 ||    13
   Stab: Sleeping          |       |     1 |     2 |       ||     3
         Held in net/web   |       |       |     1 |       ||     1
         Distracted        |       |       |       |     1 ||     1
 Armour: Robe              |    17 |    26 |       |       ||    43
         Ring mail         |       |    10 |     5 |       ||    15
         Acid dragon scale |       |       |   125 |    43 ||   168
         Steam dragon scal |       |       |       |     5 ||     5
  Dodge: Dodged            |    34 |    33 |   140 |    57 ||   264
         Repelled          |       |       |     2 |     1 ||     3

Table legend: (Time is in decaauts)
 A = Elapsed time spent in this place.
 B = Non-inter-level travel time spent in this place.
 C = Inter-level travel time spent in this place.
 D = Time resting spent in this place.
 E = Time spent auto-exploring this place.
 F = Levels seen in this place.
 G = Mean time per level.
                   A        B        C        D        E       F      G
               +--------+--------+--------+--------+--------+-----+--------+
         Total |   8414 |   7879 |    535 |   1483 |   4916 |   8 | 1051.8 |
       Dungeon |   8414 |   7879 |    535 |   1483 |   4916 |   8 | 1051.8 |
               +--------+--------+--------+--------+--------+-----+--------+

Top non-repeatable levels by time:
     D:6: 1427 daAuts
     D:8: 1318 daAuts
     D:3: 1177 daAuts
     D:5: 1058 daAuts
     D:4: 1021 daAuts
     D:2: 1018 daAuts
     D:1: 714 daAuts
     D:7: 678 daAuts
